 Dungeon Crawl Stone Soup version 0.29-a0-322-g68df515428 (webtiles) character file.

Game seed: 5572663403098254086

658 bande the Chopper (level 7, -2/44 HPs)
             Began as a Gargoyle Fighter on Apr 10, 2022.
             Was a Follower of Okawaru.
             Slain by a red devil
             ... wielding a +2 demon trident of draining
             ... summoned by a kobold demonologist
              (11 damage)
             ... on level 5 of the Dungeon.
             The game lasted 00:06:36 (4949 turns).

bande the Chopper (Gargoyle Fighter)                Turns: 4949, Time: 00:06:37

Health: -2/44      AC: 21    Str: 25    XL:     7   Next: 55%
Magic:  8/8        EV:  6    Int:  9    God:    Okawaru [*.....]
Gold:   180        SH:  0    Dex: 11    Spells: 6/6 levels left

rFire   . . .      SeeInvis .   a - +0 war axe
rCold   . . .      Faith    .   c - +0 buckler
rNeg    + . .      Spirit   .   k - +0 plate armour
rPois   ∞          Reflect  .   (no helmet)
rElec   +          Harm     .   (no cloak)
rCorr   .          Rampage  .   (no gloves)
Will    .....                   (no boots)
Stlth   ..........              (no amulet)
HPRegen 0.14/turn               f - +6 ring of strength
MPRegen 0.11/turn               i - +4 ring of protection

@: confused, ambrosia-drunk, spiked
A: sickness immunity, AC +4, negative energy resistance 1, electricity
resistance, torment resistance 1, petrification resistance
a: Renounce Religion, Heroism


You were on level 5 of the Dungeon.
You worshipped Okawaru.
Okawaru was aware of your devotion.
You visited 2 branches of the dungeon, and saw 6 of its levels.

You collected 180 gold pieces.

Inventory:

Hand Weapons
 a - a +0 war axe (weapon)
 q - a +2 mace of venom
Armour
 c - a +0 buckler (worn)
 k - a +0 plate armour (worn)
Jewellery
 b - a +6 ring of intelligence
 d - an amulet of the acrobat
 f - a +6 ring of strength (left hand)
 i - a +4 ring of protection (right hand)
 l - a ring of magical power
Wands
 p - a wand of flame (17)
Scrolls
 o - a scroll of identify
Potions
 e - 3 potions of brilliance
 g - 3 potions of curing
 h - 2 potions of flight
 j - a potion of mutation
 m - a potion of magic


   Skills:
 + Level 4.6 Fighting
 + Level 5.3 Axes
 + Level 5.1 Armour
 + Level 4.1 Shields
 * Level 1.5 Invocations
 * Level 1.0 Evocations


You had 6 spell levels left.
You didn't know any spells.
Your spell library contained the following spells:

 Spells                   Type           Power      Damage    Failure   Level
 Apportation              Tloc           0%         N/A       100%        1
 Ignite Poison            Fire/Tmut/Pois 0%         N/A       100%        3
 Mephitic Cloud           Conj/Pois/Air  0%         N/A       100%        3
 Alistair's Intoxication  Tmut/Pois      0%         N/A       100%        5
 Blade Hands              Tmut           0%         N/A       100%        5
 Freezing Cloud           Conj/Ice/Air   0%         6-21      100%        5
 Irradiate                Conj/Tmut      0%         3d13      100%        5
 Dragon Form              Tmut           0%         N/A       100%        7


Dungeon Overview and Level Annotations

Branches:
Dungeon (5/15)             Temple (1/1) D:5

Altars:
Dithmenos
Fedhas
Okawaru
Ru
Vehumet

Shops:
D:1 [   D:4 !


Innate Abilities, Weirdness & Mutations

You are immune to sickness and miasma.
Your stone body is resilient. (AC +4)
You are immune to poison.
You resist negative energy. (rN+)
You are resistant to electric shocks. (rElec)
You are resistant to unholy torment.
You are immune to petrification.


Message History

It was a potion of ambrosia.
You are confused.
You feel invigorated.
The red devil hits you but does no damage.
The kobold demonologist looks encouraged for a moment.
The barbs in your skin will harm you if you move.
Continue?
Okay, then.
The barbs in your skin will harm you if you move.
Continue?
Okay, then.
The barbs in your skin will harm you if you move.
Continue? [Y]es or [N]o only, please.
The barbs in your skin will harm you if you move.
Continue?
Okay, then.
The barbs in your skin will harm you if you move.
Continue?
Okay, then.
The barbs in your skin will harm you if you move.
Continue?
Okay, then.
The barbs in your skin will harm you if you move.
Continue?
Okay, then.
There are monsters nearby!
Unknown command.
The barbs in your skin will harm you if you move.
Continue?
Okay, then.
You are too confused!
The red devil hits you but does no damage.
The kobold demonologist hits you but does no damage.
The barbs in your skin will harm you if you move.
Continue?
Okay, then.
The red devil hits you with a +2 demon trident of draining.
Barbed spikes become lodged in your body.
The kobold demonologist hits you but does no damage.
You are too confused!
The red devil hits you with a +2 demon trident of draining!!
* * * LOW HITPOINT WARNING * * *
Barbed spikes become lodged in your body.
The kobold demonologist hits you with a +0 dagger.
* * * LOW HITPOINT WARNING * * *
You are too confused!
The red devil hits you with a +2 demon trident of draining!
You die...

#...........## ##...#
.............##
##)..##
........####..###)).##
.......## ##..#.).##
......## ##.....#
.....## ##...## ##..#
#..## #..# ##4# .# #@#
#K#


#KK #KKK #K345 55#55. 55###.. .## #.. You could see 2 kobold demonologists, a
ynoxinul (summoned), a chaos spawn (summoned), a red devil (summoned), 7 ufetubi
and 5 kobolds.

Vanquished Creatures
  2 ogres
  A phantom (D:5)
  Blork the orc (D:4)
  2 hounds
  3 iguanas (D:5)
  7 gnolls
  6 adders
  2 worms
  2 orcs (D:5)
  8 endoplasms
  3 giant cockroaches
  4 goblins
  9 hobgoblins
  5 jackals (D:2)
  10 kobolds
  2 quokkas
  10 ball pythons
  5 bats
  2 frilled lizards
  6 rats
90 creatures vanquished.

Notes
Turn   | Place    | Note
-------+----------+-------------------------------------------
     0 | D:1      | bande the Gargoyle Fighter began the quest for the Orb.
     0 | D:1      | Reached XP level 1. HP: 14/14 MP: 1/1
    37 | D:1      | Found Bujusch's Armour Emporium.
   468 | D:1      | Reached XP level 2. HP: 19/19 MP: 2/2
  1155 | D:2      | Reached XP level 3. HP: 16/24 MP: 3/3
  1572 | D:2      | Reached XP level 4. HP: 23/29 MP: 4/4
  2501 | D:3      | Found a faded altar of an unknown god.
  3209 | D:4      | Reached XP level 5. HP: 33/33 MP: 5/5
  3324 | D:4      | Noticed an ogre
  3330 | D:4      | HP: 1/33 [ogre/+0 giant spiked club (8)]
  3332 | D:4      | Killed an ogre
  3333 | D:4      | Reached XP level 6. HP: 2/39 MP: 6/6
  3641 | D:4      | Noticed Blork the orc
  3652 | D:4      | Killed Blork the orc
  3837 | D:4      | Found Eluoc's Distillery.
  4154 | D:5      | Entered Level 5 of the Dungeon
  4158 | D:5      | Found a staircase to the Ecumenical Temple.
  4167 | Temple   | Entered the Ecumenical Temple
  4177 | Temple   | Became a worshipper of Warmaster Okawaru
  4373 | D:5      | Reached skill level 5 in Armour
  4373 | D:5      | Reached skill level 1 in Invocations
  4373 | D:5      | Reached XP level 7. HP: 30/44 MP: 7/7
  4530 | D:5      | Reached skill level 5 in Axes
  4740 | D:5      | Reached * piety under Okawaru
  4782 | D:5      | Reached skill level 1 in Evocations
  4928 | D:5      | Noticed a kobold demonologist
  4928 | D:5      | Noticed a kobold demonologist
  4937 | D:5      | Noticed a ynoxinul
  4938 | D:5      | Noticed a red devil
  4938 | D:5      | Noticed a chaos spawn
  4949 | D:5      | Slain by a red devil

Illustrated notes

Levels and vault maps discovered:
D:1:      minmay_arrival_arboretum_small, layout_loops_corners, serial_shops,
          nicolae_shop_trees
D:2:      layout_loops_corners, chequers_serial_rivers_micro_d
D:3:      layout_rooms, ebering_ecumenical_altar_sacrificial, nrook_uturn
D:4:      layout_rooms, serial_shops, nicolae_take_the_stairs,
          minmay_misc_feat_columns, uniq_blork_the_orc
D:5:      layout_cave_pods, trog_wizard, minmay_temple_entry_antechambers
Temple:   compressed_dpeg_circular_temple

Skill      XL: |  1  2  3  4  5  6  7 |
---------------+----------------------+-----
Axes           | 2 3 4 5 |  5.3
Armour         | 4 5 |  5.1
Fighting       | 4 |  4.6
Invocations    | 1 |  1.5
Shields        | 4 |  4.1
Evocations     | 1 |  1.0

Action                   |  1- 3 |  4- 6 |  7- 9 || total
-------------------------+-------+-------+-------++-------
Melee: War axe           |    81 |   167 |    57 ||   305
  Use: Scroll            |     5 |     4 |     2 ||    11
       Potion            |       |     1 |     2 ||     3
Armor: Scale mail        |    57 |    55 |       ||   112
       Plate armour      |       |    52 |    53 ||   105
Dodge: Dodged            |    31 |    64 |    23 ||   118
Block: Buckler           |    21 |    34 |    16 ||    71

Table legend: (Time is in decaauts)
 A = Elapsed time spent in this place.
 B = Non-inter-level travel time spent in this place.
 C = Inter-level travel time spent in this place.
 D = Time resting spent in this place.
 E = Time spent auto-exploring this place.
 F = Levels seen in this place.
 G = Mean time per level.
                   A        B        C        D        E       F      G
               +--------+--------+--------+--------+--------+-----+--------+
         Total |   5060 |   5060 |      0 |    868 |   3256 |   6 |  843.3 |
       Dungeon |   5039 |   5039 |      0 |    868 |   3255 |   5 | 1007.8 |
        Temple |     20 |     20 |      0 |      0 |      1 |   1 |   20.0 |
               +--------+--------+--------+--------+--------+-----+--------+

Top non-repeatable levels by time:
     D:2: 1419 daAuts
     D:1: 1128 daAuts
     D:4: 980 daAuts
     D:5: 798 daAuts
     D:3: 712 daAuts
  Temple: 20 daAuts
